 Dungeon Crawl Stone Soup version 0.32-a0-841-g4648e6c457 (webtiles) character file.

Game seed: 12542308668894497211

1537 horus123 the Magician (level 8, -2/66 HPs)
             Began as a Mountain Dwarf Earth Elementalist on Mar 27, 2024.
             Was a Believer of Cheibriados.
             Slain by Pikel
             ... wielding a +2 whip of freezing
              (11 damage)
             ... on level 6 of the Dungeon.
             The game lasted 00:10:43 (5162 turns).

horus123 the Magician (MDEE)                        Turns: 5162, Time: 00:10:44

Health: -2/66      AC:  7    Str: 24    XL:     8   Next: 56%
Magic:  9/17       EV: 11    Int: 22    God:    Cheibriados [**....]
Gold:   308        SH:  0    Dex: 16    Spells: 8/19 levels left

rFire   x . .        b - staff of alchemy
rCold   + . .        (no shield)
rNeg    . . .        m - +3 robe "Gupnik" {rF- Str+5}
rPois   +            f - +0 helmet
rElec   .            (no cloak)
rCorr   .            (no gloves)
SInv    .            s - +0 pair of boots
Will    .....        (no amulet)
Stlth   ++           r - ring of protection from cold
HPRegen 0.31/turn    (no ring)
MPRegen 0.15/turn

%: no passive effects
@: very slow
A: runic magic, artefact enchanting
a: Renounce Religion, Bend Time


You were on level 6 of the Dungeon.
You worshipped Cheibriados.
Cheibriados was pleased with you.
You visited 1 branch of the dungeon, and saw 6 of its levels.
You also visited: Sewer.

You collected 308 gold pieces.

Inventory:

Hand Weapons
 k - a +0 war axe
Armour
 a - a +0 robe
 f - a +0 helmet (worn)
 g - a +1 ring mail of positive energy
 m - the +3 robe "Gupnik" (worn) {rF- Str+5}
   (You found it on level 2 of the Dungeon)

   Str+5:     It affects your strength (+5).
   rF-:       It makes you vulnerable to fire.
 s - a +0 pair of boots (worn)
Magical Staves
 b - a staff of alchemy (weapon)
Jewellery
 r - a ring of protection from cold (left hand)
Wands
 l - a wand of paralysis (9)
 o - a wand of digging (8)
 y - a wand of flame (25)
Scrolls
 c - a scroll of revelation
 d - 3 scrolls of immolation
 e - a scroll of identify
 h - a scroll of poison
 i - 3 scrolls of teleportation
 v - a scroll of blinking
 w - a scroll of fog
 x - 2 scrolls of noise {unknown}
Potions
 j - a potion of degeneration {unknown}
 n - a potion of might {unknown}
 p - a potion of lignification {unknown}
 q - a potion of berserk rage
 t - 5 potions of heal wounds {unknown}
 u - a potion of enlightenment {unknown}


   Skills:
 - Level 4.0 Fighting
 - Level 1.3 Dodging
 - Level 1.4 Stealth
 - Level 6.0 Spellcasting
 + Level 1.9 Conjurations
 - Level 4.9 Earth Magic
 - Level 5.0 Alchemy


You had 8 spell levels left.
You knew the following spells:

 Your Spells              Type           Power      Damage    Failure   Level
a - Sandblast             Erth           56%        2d13      1%          1
b - Stone Arrow           Conj/Erth      42%        3d9       7%          3
c - Petrify               Alch/Erth      42%        N/A       12%         4
d - Mephitic Cloud        Conj/Alch/Air  25%        N/A       11%         3

Your spell library contained the following spells:

 Spells                   Type           Power      Damage    Failure   Level
 Passwall                 Erth           28%        N/A       3%          3
 Static Discharge         Conj/Air       20%        3-4/arc   10%         2
 Dazzling Flash           Conj/Hex       20%        N/A       19%         3
 Brom's Barrelling Bould  Conj/Erth      21%        2d4       22%         4
 Call Canine Familiar     Summ           6%         N/A       26%         3
 Sigil of Binding         Hex            6%         N/A       26%         3
 Airstrike                Air            3%         2d(1-17)  65%         4
 Dimensional Bullseye     Hex/Tloc       3%         N/A       65%         4
 Summon Lightning Spire   Summ/Air       6%         N/A       65%         4
 Curse of Agony           Necr           6%         N/A       94%         5
 Silence                  Hex/Air        3%         N/A       94%         5
 Sculpt Simulacrum        Ice/Alch       13%        N/A       99%         6
 Death Channel            Necr           3%         N/A       100%        6


Dungeon Overview and Level Annotations

Branches:
Dungeon (6/15)              Sewer (visited)
 Temple: D:4-7

Altars:
Cheibriados
Makhleb
Wu Jian

Shops:
D:1 =   D:4 =

Annotations:
D:6 Pikel


Innate Abilities, Weirdness & Mutations

Your spellcasting is much less encumbered by armour.
You can use scrolls of enchantment on lesser artefacts.


Message History

Aiming: Sandblast (safe; 1% risk of failure)
Press: ? - help, Q - select action, (/) - cycle Shift-Dir - straight line, f/p - lemure
Aim: a lemure (moderately wounded, 79% to hit)
The blast of sand hits the lemure!
The lemure is heavily wounded.
The lemure hits you.
Aiming: Sandblast (safe; 1% risk of failure)
Press: ? - help, Q - select action, (/) - cycle Shift-Dir - straight line, f/p - lemure
Aim: a lemure (moderately wounded, 79% to hit)
The blast of sand hits the lemure.
The lemure is severely wounded.
The lemure hits you but does no damage. The lemure hits you.
* * * LOW HITPOINT WARNING * * *
Aiming: Sandblast (safe; 1% risk of failure)
Press: ? - help, Q - select action, (/) - cycle Shift-Dir - straight line, f/p - lemure
Aim: a lemure (moderately wounded, 79% to hit)
The blast of sand hits the lemure!
You kill the lemure!
That felt strangely unrewarding.
Aiming: Sandblast (safe; 1% risk of failure)
Press: ? - help, Q - select action, (/) - cycle Shift-Dir - straight line, f/p - lemure
Aim: a lemure (moderately wounded, 79% to hit)
The blast of sand hits Pikel.
Pikel is lightly wounded.
Pikel hits you with a +2 whip of freezing!
* * * LOW HITPOINT WARNING * * *
Pikel freezes you.
* * * LOW HITPOINT WARNING * * *
Pikel hits you but does no damage.
Casting: Sandblast (safe; 1% risk of failure)
Confirm with . or Enter, or press ? or * to list all spells.
Aiming: Stone Arrow (dangerous; 7% risk of failure)
Press: ? - help, Shift-Dir - straight line, f/p - lemure
Aim: a lemure (moderately wounded, 64% to hit)
The stone arrow hits Pikel!
Pikel is moderately wounded.
Pikel hits you with a +2 whip of freezing!
You die...
Pikel says, "Another soul for the market."
Cheibriados appreciates the motionlessness of death.

....... #. ....... #.# #.
....... #.# ## ....... #.#
# .......## #.# # ......#
#.# # #...# #.# #
#####...## #+##.# #
.........# #.##@# #
.........# #.##K# #
.........####.##5# #
..............##5# .......#
................5# .......#
#######..........# .......#
#..........# ......z#
#..........# .. .......#
#..........#####..........#


You could see Pikel and 3 lemures.

Vanquished Creatures
  A water moccasin (D:5)
  Pargi (Sewer)
  An ice beast (D:6)
  2 black bears (D:6)
  An ogre (D:5)
  A lemure (D:6)
  A centaur (D:6)
  A phantom (D:5)
  A brain worm (Sewer)
  A scorpion (D:4)
  2 wights (D:6)
  3 bombardier beetles
  2 hounds
  2 jellies (D:5)
  2 orc priests (D:5)
  A gnoll bouda (D:5)
  An iguana (D:5)
  2 orc wizards (D:5)
  6 gnolls
  An adder (D:2)
  A white imp (D:5)
  2 ufetubi (D:5)
  A ribbon worm (D:5)
  A dart slug (D:3)
  23 orcs
  12 ball pythons
  4 endoplasms
  3 giant cockroaches
  7 goblins
  6 hobgoblins
  6 quokkas
  10 bats
  3 frilled lizards (D:1)
  3 kobolds
  2 rats
117 creatures vanquished.

Notes
Turn   | Place    | Note
-------+----------+-------------------------------------------
     0 | D:1      | horus123 the Mountain Dwarf Earth Elementalist began the
                  | quest for the Orb.
     0 | D:1      | Reached XP level 1. HP: 14/14 MP: 3/3
    38 | D:1      | Reached skill level 2 in Spellcasting
   225 | D:1      | Reached XP level 2. HP: 20/20 MP: 0/5
   411 | D:1      | Found a faded altar of an unknown god.
   544 | D:1      | Found Gupeqela's Jewellery Emporium.
   686 | D:1      | Reached skill level 3 in Spellcasting
   829 | D:2      | Reached XP level 3. HP: 26/26 MP: 5/7
   934 | D:2      | Reached skill level 1 in Fighting
  1057 | D:2      | Learned a level 3 spell: Stone Arrow
  1072 | D:2      | Identified the +3 robe "Gupnik" {rF- Str+5}
  1575 | D:3      | Found a glowing drain.
  1608 | Sewer    | Entered a sewer
  1656 | Sewer    | Noticed a brain worm
  1662 | Sewer    | Killed a brain worm
  1663 | Sewer    | Reached XP level 4. HP: 40/40 MP: 1/8
  1723 | Sewer    | Noticed Pargi
  1749 | Sewer    | Killed Pargi
  1750 | Sewer    | Reached XP level 5. HP: 7/46 MP: 7/9
  1972 | D:3      | Learned a level 4 spell: Petrify
  1986 | D:3      | Found a snail-covered altar of Cheibriados.
  1992 | D:3      | Became a worshipper of Cheibriados the Contemplative
  2551 | D:4      | Found an ornate altar of the Wu Jian Council.
  2742 | D:4      | Reached * piety under Cheibriados
  2743 | D:4      | Reached XP level 6. HP: 22/52 MP: 1/11
  2902 | D:4      | Found Inael's Jewellery Shop.
  2951 | D:4      | Found a burning altar of Makhleb.
  3069 | D:5      | Entered Level 5 of the Dungeon
  3271 | D:5      | Reached skill level 4 in Spellcasting
  3488 | D:5      | Reached XP level 7. HP: 52/59 MP: 6/14
  3497 | D:5      | Reached skill level 5 in Spellcasting
  3498 | D:5      | Reached ** piety under Cheibriados
  4004 | D:5      | Reached skill level 6 in Spellcasting
  4004 | D:5      | Reached skill level 1 in Alchemy
  4352 | D:5      | Reached XP level 8. HP: 44/66 MP: 15/17
  4520 | D:6      | Learned a level 3 spell: Mephitic Cloud
  5061 | D:6      | Reached skill level 5 in Alchemy
  5061 | D:6      | Reached skill level 1 in Conjurations
  5136 | D:6      | Noticed Pikel
  5162 | D:6      | Slain by Pikel

Illustrated notes

Levels and vault maps discovered:
D:1:      pf_arrival_petrified_forest, layout_rooms, serial_shops,
          nicolae_shop_tiny_waterfront, ebering_ecumenical_altar_sacrificial
D:2:      layout_rooms
D:3:      layout_rooms, kennysheep_slug_shrine, cheibrodos_sewer_entry_drain
D:4:      layout_rooms, makhleb_blood_cavern_becter, kennysheep_mini_moat,
          serial_shops, shop
D:5:      layout_loops_ring, item_on_display_b
D:6:      layout_basic, serial_corexii_hall, corexii_hall_statues_u,
          chequers_hall_statues_y, corexii_hall_statues_i,
          chequers_hall_statues_wall_a, uniq_pikel

Skill      XL: |  1  2  3  4  5  6  7  8 |
---------------+-------------------------+-----
Spellcasting   | 2 3 4 6 |  6.0
Fighting       | 3 4 |  4.0
Earth Magic    | 4 |  4.9
Alchemy        | 2 5 |  5.0
Conjurations   | 1 |  1.9
Dodging        | |  1.3
Stealth        | |  1.4

Action                     |  1- 3 |  4- 6 |  7- 9 || total
---------------------------+-------+-------+-------++-------
  Melee: Unarmed           |     3 |       |       ||     3
         Mace              |     8 |       |       ||     8
         War axe           |     8 |    14 |       ||    22
   Cast: Sandblast         |    62 |    84 |    85 ||   231
         Stone Arrow       |       |       |     5 ||     5
    Use: Potion            |       |     1 |     2 ||     3
         Scroll            |       |     6 |       ||     6
   Stab: Sleeping          |     1 |       |       ||     1
 Armour: Robe              |    29 |    96 |    88 ||   213
         Ring mail         |     8 |       |       ||     8
  Dodge: Dodged            |    26 |    77 |    43 ||   146

Table legend: (Time is in decaauts)
 A = Elapsed time spent in this place.
 B = Non-inter-level travel time spent in this place.
 C = Inter-level travel time spent in this place.
 D = Time resting spent in this place.
 E = Time spent auto-exploring this place.
 F = Levels seen in this place.
 G = Mean time per level.
                   A        B        C        D        E       F      G
               +--------+--------+--------+--------+--------+-----+--------+
         Total |   5945 |   5792 |    153 |    821 |   3982 |   7 |  849.3 |
       Dungeon |   5596 |   5443 |    153 |    676 |   3863 |   6 |  932.7 |
         Sewer |    348 |    348 |      0 |    145 |    119 |   1 |  348.0 |
               +--------+--------+--------+--------+--------+-----+--------+

Top non-repeatable levels by time:
     D:5: 1810 daAuts
     D:4: 1034 daAuts
     D:1: 820 daAuts
     D:6: 809 daAuts
     D:2: 597 daAuts
     D:3: 524 daAuts
   Sewer: 348 daAuts
